 Dungeon Crawl Stone Soup version 0.29-a0-553-g81b289dbe5 (webtiles) character file.

Game seed: 14337436603902133052

7120 snarfax the Severer (level 10, 0/77 HPs)
             Began as a Minotaur Berserker on June 6, 2022.
             Was an Elder of Trog.
             Slain by a two-headed ogre
             ... wielding a +0 giant club
              (20 damage)
             ... on level 9 of the Dungeon.
             The game lasted 00:28:45 (11130 turns).

snarfax the Severer (Minotaur Berserker)           Turns: 11130, Time: 00:28:45

Health: 0/77       AC: 16    Str: 32    XL:     10   Next: 85%
Magic:  9/9        EV:  8    Int: 10    God:    Trog [****..]
Gold:   545        SH:  0    Dex: 10    Spells: 9/9 levels left

rFire   . . .      SeeInvis .   I - +3 battleaxe
rCold   + . .      Faith    .   (shield currently unavailable)
rNeg    + . .      Spirit   .   D - +3 plate armour {rN+}
rPois   .          Reflect  .   (helmet restricted)
rElec   +          Harm     .   q - +0 cloak
rCorr   .          Rampage  .   (no gloves)
Will    +....                   c - +0 pair of boots
Stlth   ..........              (no amulet)
HPRegen 0.22/turn               v - ring of Pragmatism {+Blink rElec rC+ Will+}
MPRegen 0.11/turn               p - ring "Wubot" {Str+6 Int+6}

@: no status effects
A: horns 2, retaliatory headbutt
a: Renounce Religion, Evoke Blink, Berserk, Trog's Hand, Brothers in Arms


You were on level 9 of the Dungeon.
You worshipped Trog.
Trog was greatly pleased with you.
You visited 2 branches of the dungeon, and saw 11 of its levels.

You collected 660 gold pieces.
You spent 115 gold pieces at shops.

Inventory:

Hand Weapons
 h - a +0 broad axe
 I - a +3 battleaxe (weapon)
Missiles
 d - 40 poisoned darts (quivered)
 e - 6 boomerangs
Armour
 b - a scarf of resistance
 c - a +0 pair of boots (worn)
 q - a +0 cloak (worn)
 D - a +3 plate armour of positive energy (worn)
Jewellery
 p - the ring "Wubot" (right hand) {Str+6 Int+6}
   (You found it on level 7 of the Dungeon)

   [ring of strength]

   Str:       It affects your strength (+6).
   Int:       It affects your intelligence (+6).
 r - a +4 ring of evasion
 u - a ring of fire
 v - the ring of Pragmatism (left hand) {+Blink rElec rC+ Will+}
   (You found it on level 10 of the Dungeon)

   [ring of protection from cold]

   rC:        It protects you from cold.
   rElec:     It insulates you from electricity.
   +Blink:    It lets you blink.
   Will:      It increases your willpower.
 w - a ring of protection from fire
Wands
 a - a wand of paralysis (6)
 k - a wand of acid (3)
 y - a wand of flame (5)
 C - a wand of mindburst (8)
 E - a wand of polymorph (9)
 F - a wand of iceblast (2)
Scrolls
 f - a scroll of fog
 g - 3 scrolls of teleportation
 m - a scroll of amnesia
 s - a scroll of blinking
 x - 2 scrolls of immolation
 B - 2 scrolls of magic mapping
 J - 2 scrolls of enchant weapon {unknown}
 K - a scroll of fear
Potions
 i - 4 potions of curing
 j - a potion of haste
 l - a potion of degeneration
 n - a potion of lignification
 o - 4 potions of brilliance
 t - a potion of mutation
 z - a potion of attraction
 A - a potion of might
 G - a potion of berserk rage
 H - a potion of cancellation {unknown}


   Skills:
 - Level 3.6 Fighting
 + Level 19.1 Axes
 - Level 2.4 Armour
 - Level 2.1 Dodging
 + Level 2.6 Evocations


You had 9 spell levels left.
You didn't know any spells.
Your spell library was empty.

Dungeon Overview and Level Annotations

Branches:
Dungeon (10/15)            Temple (0/1) D:7            Lair (0/6) D:9
    Orc (1/2) D:9

Altars:
Ashenzari
Elyvilon
Kikubaaqudgha
Nemelex Xobeh
Qazlal
Ru
Sif Muna
Uskayaw
Vehumet
Wu Jian
Xom
Yredelemnul
Zin
The Shining One

Shops:
D:4 (?   D:5 *[


Innate Abilities, Weirdness & Mutations

You have a pair of horns on your head.
You reflexively headbutt those who attack you in melee.


Message History

Something hits you but does no damage. Something hits you but does no damage.
Your surroundings suddenly seem different.
There is an open door here.
You close the door.
You start resting.
HP restored.
(D) Dungeon (T) Temple (L) Lair (O) Orcish Mines
Where to? (Enter - D:10, ? - help)
What level of the Dungeon? (default 1, ? - help)
Okay, then.
(D) Dungeon (T) Temple (L) Lair (O) Orcish Mines
Where to? (Enter - D:10, ? - help)
What level of the Orcish Mines? (default 1, ? - help)
You open the door.
There is an open door here.
There is an open door here.
There is an open door here.
There is a stone staircase leading up here.
You climb upwards.
Reactivating autopickup.
There is a stone staircase leading down, spattered with blood here.
Things that are here:
a +0 whip; a +0 halberd
There is a staircase to the Orcish Mines, spattered with blood here.
You climb downwards.
Welcome back to the Orcish Mines!
The orc hits you but does no damage. x2
The two-headed ogre hits you with a +0 giant club!
The two-headed ogre barely misses you. The orc hits you with a +0 club.
The orc hits you but does no damage.
There is a staircase back to the Dungeon, spattered with blood here.
The orc barely misses you. x2
The orc warrior hits you with a +0 scimitar.
You climb upwards.
Welcome back to the Dungeon!
There is a staircase to the Orcish Mines, spattered with blood here.
You fail to use your ability.
The two-headed ogre hits you with a +0 giant club!!
* * * LOW HITPOINT WARNING * * *
The two-headed ogre hits you with a +0 giant club!!
You die...

##.###.........####..........####
#.............###..........#####
######..........##.........###..
###.#....#.##.............#
#.####.....####..........
#)#.....8.....#..........
#[#...........#.##.......
#))....o........####.....
#..8....@o...8[.####.....
##......oO....[........#.
##...........#.####..###
#.....8.....#.# ####
####.....####.# ###........#
##########


You could see a two-headed ogre, an orc warrior and 2 orcs.

Vanquished Creatures
  A hornet (D:9)
  2 wyverns (D:8)
  9 yaks
  2 steam dragons
  A warg (Orc:1)
  A water moccasin (D:7)
  2 ice beasts
  2 sky beasts
  A black bear (D:5)
  4 orc warriors (D:9)
  2 centaurs
  5 kobold brigands
  2 necrophages
  3 scorpions
  3 bullfrogs
  3 gnoll sergeants
  8 wights
  8 killer bees
  4 howler monkeys
  2 hounds
  6 orc priests
  5 jellies
  2 iguanas
  Terence (D:3)
  6 orc wizards
  16 gnolls
  10 adders
  2 shadow imps
  A white imp (D:6)
  2 ufetubi
  3 worms
  A dart slug (D:1)
  35 orcs
  3 bats
  7 endoplasms
  2 giant cockroaches
  6 goblins
  4 hobgoblins
  7 jackals
  31 kobolds
  2 quokkas
  12 ball pythons
  6 frilled lizards
  3 rats
238 creatures vanquished.

Vanquished Creatures (collateral kills)
  An orc warlord (D:9)
  An orc priest (D:9)
2 creatures vanquished.

Vanquished Creatures (others)
  A gnoll (D:3)
  A kobold (D:7)
  30 plants (D:4)
32 creatures vanquished.

Grand Total: 272 creatures vanquished

Notes
Turn   | Place    | Note
-------+----------+-------------------------------------------
     0 | D:1      | snarfax the Minotaur Berserker began the quest for the Orb.
     0 | D:1      | Reached XP level 1. HP: 19/19 MP: 0/0
   117 | D:1      | Reached skill level 4 in Axes
   189 | D:1      | Reached XP level 2. HP: 26/26 MP: 1/1
   418 | D:1      | Reached skill level 5 in Axes
   426 | D:1      | Reached XP level 3. HP: 23/31 MP: 2/2
   576 | D:1      | Reached ** piety under Trog
  1460 | D:2      | Reached skill level 6 in Axes
  1460 | D:2      | Reached XP level 4. HP: 34/39 MP: 3/3
  2017 | D:3      | Noticed Terence
  2027 | D:3      | Killed Terence
  2028 | D:3      | Reached skill level 7 in Axes
  2028 | D:3      | Reached XP level 5. HP: 20/45 MP: 4/4
  2521 | D:3      | Reached skill level 8 in Axes
  3177 | D:4      | Found Lunafoc's Weapon Emporium.
  3224 | D:4      | Reached XP level 6. HP: 38/51 MP: 5/5
  3346 | D:4      | Found a sacrificial altar of Ru.
  3493 | D:4      | Found an ornate altar of the Wu Jian Council.
  3635 | D:4      | Reached *** piety under Trog
  3661 | D:4      | Reached skill level 9 in Axes
  3722 | D:4      | Found Gocrapa's Magic Scroll Shoppe.
  3730 | D:4      | Bought a scroll of blinking for 82 gold pieces
  3730 | D:4      | Bought a scroll of teleportation for 33 gold pieces
  3867 | D:4      | Found a basalt altar of Yredelemnul.
  4233 | D:5      | Entered Level 5 of the Dungeon
  4334 | D:5      | Reached XP level 7. HP: 48/57 MP: 6/6
  4554 | D:5      | Reached skill level 10 in Axes
  4587 | D:5      | Found Feimixt's Armour Shoppe.
  4629 | D:5      | Found a shimmering blue altar of Sif Muna.
  4748 | D:5      | Found Bizeupt's Lightly-Used Armoury.
  4971 | D:5      | Reached skill level 11 in Axes
  5212 | D:6      | Reached XP level 8. HP: 36/64 MP: 7/7
  5218 | D:6      | Reached skill level 12 in Axes
  5421 | D:6      | Found a sparkling altar of Nemelex Xobeh.
  5831 | D:6      | Reached skill level 13 in Axes
  6123 | D:7      | Identified the ring "Wubot" {Str+6 Int+6}
  6186 | D:7      | Reached skill level 14 in Axes
  6345 | D:7      | Reached XP level 9. HP: 55/70 MP: 8/8
  6444 | D:7      | Reached **** piety under Trog
  6657 | D:7      | Found a shimmering altar of Xom.
  7286 | D:7      | Found a staircase to the Ecumenical Temple.
  7298 | D:7      | Reached skill level 15 in Axes
  7889 | D:8      | Reached skill level 16 in Axes
  8187 | D:8      | Found a stormy altar of Qazlal.
  8734 | D:9      | Found a staircase to the Lair.
  8754 | D:9      | Reached skill level 17 in Axes
  8757 | D:9      | Reached XP level 10. HP: 67/77 MP: 9/9
  8818 | D:9      | Found a radiant altar of Vehumet.
  8965 | D:9      | Reached ***** piety under Trog
  9098 | D:9      | Paralysed by a hornet for 3 turns
  9383 | D:9      | Found an ancient bone altar of Kikubaaqudgha.
  9466 | D:9      | Found a white marble altar of Elyvilon.
  9468 | D:9      | Found a glowing golden altar of the Shining One.
  9489 | D:9      | Found a staircase to the Orcish Mines.
  9492 | D:9      | Received a gift from Trog
  9595 | D:9      | Found a broken altar of Ashenzari.
  9711 | D:9      | Found a glowing silver altar of Zin.
  9772 | Orc:1    | Entered Level 1 of the Orcish Mines
  9772 | Orc:1    | Noticed an orc warlord
  9788 | D:9      | Killed an orc warlord
  9789 | D:9      | Reached skill level 18 in Axes
  9936 | Orc:1    | Noticed a two-headed ogre
  9982 | D:10     | Entered Level 10 of the Dungeon
 10182 | D:10     | Found a hide-covered altar of Uskayaw.
 10224 | D:10     | Identified the ring of Pragmatism {+Blink rElec rC+ Will+}
 10272 | D:10     | Reached skill level 1 in Evocations
 10277 | D:10     | Reached skill level 19 in Axes
 10869 | D:10     | Noticed a two-headed ogre
 11130 | D:9      | Slain by a two-headed ogre

Illustrated notes

Levels and vault maps discovered:
D:1:      minmay_arrival_split_and_join, layout_rooms
D:2:      layout_basic
D:3:      layout_basic, nrook_campfire, nicolae_concentric_dashed_squares_mild,
          uniq_terence
D:4:      layout_loops_ring, lemuel_doored_altar,
          nicolae_ru_sacrificial_ziggurat, nzn_wu_jian_contemplation,
          serial_bayou, serial_bayou_lagoon_a, serial_bayou_lake_a,
          serial_bayou_pond_b, serial_bayou_shore_b, serial_bayou_ford_a,
          serial_bayou_shore_b, serial_shops, shop_scrolls,
          nicolae_shop_bloodbath_and_beyond
D:5:      layout_cave_pools, nicolae_sif_muna_little_library, serial_shops,
          nicolae_lakefront_shop, minmay_shop_damaged
D:6:      layout_gridville, overflow_temple_1_default
D:7:      layout_basic, mainiacjoe_overflow_tiny_flanked,
          minmay_temple_entry_glassed_door, kennysheep_generic_room_14
D:8:      layout_rooms, nicolae_overflow_crystal_walls, minmay_crystal_room
D:9:      layout_cave_pools, dreamdust_divine_triumvirate,
          amcnicky_altar_gilded, mainiacjoe_overflow_paths,
          overflow_temple_1_default, dpeg_oklobed_lair, david_orc_2
D:10:     layout_roguey, lightli_temple_of_fire,
          nicolae_uskayaw_murder_on_the_dancefloor,
          minmay_fractal_squares_gapless_5
Orc:1:    layout_caves, serial_shops, nicolae_lakefront_shop,
          nicolae_shop_waterfront, shop

Skill      XL: |  1  2  3  4  5  6  7  8  9 10 |
---------------+-------------------------------+-----
Axes           | 4 5 6 7 8 9 11 14 17 19 | 19.1
Evocations     | 2 |  2.6
Fighting       | |  3.6
Armour         | |  2.4
Dodging        | |  2.1

Action                   |  1- 3 |  4- 6 |  7- 9 | 10-12 || total
-------------------------+-------+-------+-------+-------++-------
Melee: Hand axe          |   100 |   117 |    66 |       ||   283
       Headbutt          |     9 |    21 |    43 |    20 ||    93
       Punch             |     1 |       |       |       ||     1
       Battleaxe         |       |       |   197 |   135 ||   332
Throw: Dart              |       |       |       |     1 ||     1
Invok: Berserk           |       |     1 |       |       ||     1
       Brothers in Arms  |       |       |       |     2 ||     2
Evoke: Wand              |       |       |       |     2 ||     2
  Use: Scroll            |       |     7 |    11 |     4 ||    22
       Potion            |       |       |     3 |     2 ||     5
Armor: Leather armour    |    22 |     2 |       |       ||    24
       Ring mail         |       |    16 |       |       ||    16
       Scale mail        |       |     2 |    12 |       ||    14
       Plate armour      |       |       |    94 |    74 ||   168
Dodge: Dodged            |    52 |    54 |   130 |    62 ||   298

Table legend: (Time is in decaauts)
 A = Elapsed time spent in this place.
 B = Non-inter-level travel time spent in this place.
 C = Inter-level travel time spent in this place.
 D = Time resting spent in this place.
 E = Time spent auto-exploring this place.
 F = Levels seen in this place.
 G = Mean time per level.
                   A        B        C        D        E       F      G
               +--------+--------+--------+--------+--------+-----+--------+
         Total |  11140 |  10743 |    397 |   1914 |   7188 |  11 | 1012.7 |
       Dungeon |  11124 |  10727 |    397 |   1914 |   7188 |  10 | 1112.4 |
  Orcish Mines |     16 |     16 |      0 |      0 |      0 |   1 |   16.0 |
               +--------+--------+--------+--------+--------+-----+--------+

Top non-repeatable levels by time:
     D:7: 1580 daAuts
     D:3: 1527 daAuts
     D:9: 1380 daAuts
    D:10: 1106 daAuts
     D:4: 1087 daAuts
     D:8: 993 daAuts
     D:6: 934 daAuts
     D:1: 884 daAuts
     D:5: 850 daAuts
     D:2: 780 daAuts
   Orc:1: 16 daAuts
